 Dungeon Crawl Stone Soup version 0.29.0-4-gdea44cf6ec (webtiles) character file.

Game seed: 6594899787201042497

10 qw the Vexing (level 2, 0/27 HPs)
             Began as an Ogre Enchanter on Sept 3, 2022.
             Slain by a gnoll
             ... wielding a +0 spear
              (7 damage)
             ... on level 1 of the Dungeon.
             The game lasted 00:00:31 (443 turns).

qw the Vexing (Ogre Enchanter)                       Turns: 443, Time: 00:00:32

Health: 0/27       AC:  3    Str: 11    XL:     2   Next: 20%
Magic:  5/5        EV:  9    Int: 16    God:
Gold:   31         SH:  0    Dex:  9    Spells: 5/5 levels left

rFire   . . .      SeeInvis .   a - +0 whip
rCold   . . .      Faith    .   (no shield)
rNeg    . . .      Spirit   .   b - +0 robe
rPois   .          Reflect  .   (helmet restricted)
rElec   .          Harm     .   (no cloak)
rCorr   .          Rampage  .   (gloves unavailable)
Will    .....                   (boots unavailable)
Stlth   ++........              (no amulet)
HPRegen 0.09/turn               (no ring)
MPRegen 0.09/turn               (no ring)

@: no status effects
A: large, unfitting armour, tough skin 1
a: no special abilities


You were on level 1 of the Dungeon.
You visited 1 branch of the dungeon, and saw 1 of its levels.

You collected 31 gold pieces.


Innate Abilities, Weirdness & Mutations

You are too large for most types of armour.
You have tough skin. (AC +1)


   Skills:
 - Level 1.1 Fighting
 - Level 0.8 Short Blades
 + Level 1.4 Axes
 - Level 1.7 Dodging
 - Level 2.1 Stealth
 - Level 2.4 Spellcasting
 - Level 2.6 Hexes


You had 5 spell levels left.
You didn't know any spells.
Your spell library contained the following spells:

 Spells                   Type           Power      Damage    Failure   Level
 Ensorcelled Hibernation  Hex/Ice        12%        N/A       17%         2
 Confusing Touch          Hex            10%        N/A       21%         3
 Tukima's Dance           Hex            10%        N/A       21%         3
 Dazzling Flash           Conj/Hex       12%        N/A       34%         3

Inventory:

Hand Weapons
 a - a +0 whip (weapon)
Armour
 b - a +0 robe (worn)
Scrolls
 e - a scroll of immolation {unknown}
Potions
 c - 2 potions of invisibility
 d - a potion of curing {unknown}
 f - a potion of might {unknown}
 g - 2 potions of flight {unknown}

Dungeon Overview and Level Annotations

Branches:
Dungeon (1/15)

Altars:


Message History

You barely miss the gnoll. The gnoll barely misses you.
You barely miss the gnoll. The bat hits you but does no damage.
The gnoll barely misses you.
You hit the gnoll.
The gnoll is moderately wounded.
The bat barely misses you. The gnoll barely misses you.
The bat hits you but does no damage.
You closely miss the gnoll.
The gnoll is moderately wounded.
The bat hits you but does no damage. The gnoll closely misses you.
You barely miss the gnoll.
The gnoll is moderately wounded.
The bat hits you. The gnoll hits you with a +0 spear.
You hit the gnoll.
The gnoll is severely wounded.
The bat barely misses you. The gnoll hits you with a +0 spear.
You barely miss the gnoll.
The gnoll is severely wounded.
The bat hits you. The gnoll misses you.
You barely miss the gnoll.
The gnoll is severely wounded.
The bat hits you but does no damage. The gnoll hits you with a +0 spear.
You hit the gnoll but do no damage.
The gnoll is severely wounded.
The bat hits you but does no damage. The gnoll barely misses you.
You hit the gnoll but do no damage.
The gnoll is severely wounded.
The gnoll barely misses you. The bat barely misses you.
You hit the gnoll.
The gnoll is almost dead.
The bat barely misses you. The gnoll hits you but does no damage.
The gnoll hits you with a +0 spear. The bat barely misses you.
You closely miss the gnoll.
The gnoll is almost dead.
The gnoll hits you with a +0 spear.
You hit the gnoll.
The gnoll is almost dead.
The bat closely misses you. The gnoll hits you with a +0 spear!
You die...

.... .#.....#
............#
....#......# #.........#
#........##.#
#####.#......#. #
.......g#.#.... #. ##
.......@.....#### #.###.
........#.........#.....
......?.b.........###>..
###.....##.............#
###.#.%%..............
#.#..#...#..........
#.#..#...#..........
#.#).....#.##..#....
#.%......#.##..##..#


You could see a gnoll and a bat.

Vanquished Creatures
  A bat (D:1)
  A giant cockroach (D:1)
  A goblin (D:1)
  A hobgoblin (D:1)
  2 kobolds (D:1)
  A frilled lizard (D:1)
  2 rats (D:1)
9 creatures vanquished.

Notes
Turn   | Place    | Note
-------+----------+-------------------------------------------
     0 | D:1      | qw the Ogre Enchanter began the quest for the Orb.
     0 | D:1      | Reached XP level 1. HP: 16/16 MP: 3/3
     0 | D:1      | 0 ||| qw: Version: 0.1-a-102-g441f92d
     0 | D:1      | 0 ||| qw: Game counter: 5079
     0 | D:1      | 0 ||| qw: Always use a shield: true
     0 | D:1      | 0 ||| qw: God list: Okawaru
     0 | D:1      | 0 ||| qw: Allow faded altars: false
     0 | D:1      | 0 ||| qw: Do Orc after D:15 true
     0 | D:1      | 0 ||| qw: Do second Lair branch before Depths: true
     0 | D:1      | 0 ||| qw: Lair rune preference: random
     0 | D:1      | 0 ||| qw: Plans: Normal
     0 | D:1      | 0 ||| PLANNING D:1-11
    43 | D:1      | 43 ||| SWAPPING to +0 club.
    44 | D:1      | 44 ||| DROPPING +1 dagger.
    64 | D:1      | 64 ||| SWAPPING to +0 whip.
    65 | D:1      | 65 ||| DROPPING +0 club.
   170 | D:1      | Reached skill level 1 in Axes
   250 | D:1      | 250 ||| Stepping ~*~*~tactically~*~*~ (stealth).
   264 | D:1      | Reached skill level 1 in Fighting
   264 | D:1      | Reached XP level 2. HP: 22/27 MP: 5/5
   302 | D:1      | 302 ||| Stepping ~*~*~tactically~*~*~ (stealth).
   331 | D:1      | 331 ||| Stepping ~*~*~tactically~*~*~ (stealth).
   332 | D:1      | 332 ||| Stepping ~*~*~tactically~*~*~ (stealth).
   344 | D:1      | 344 ||| Stepping ~*~*~tactically~*~*~ (stealth).
   355 | D:1      | 355 ||| Stepping ~*~*~tactically~*~*~ (stealth).
   357 | D:1      | 357 ||| Stepping ~*~*~tactically~*~*~ (stealth).
   360 | D:1      | 360 ||| Stepping ~*~*~tactically~*~*~ (stealth).
   365 | D:1      | 365 ||| Stepping ~*~*~tactically~*~*~ (stealth).
   366 | D:1      | 366 ||| Stepping ~*~*~tactically~*~*~ (stealth).
   375 | D:1      | 375 ||| Stepping ~*~*~tactically~*~*~ (stealth).
   379 | D:1      | 379 ||| Stepping ~*~*~tactically~*~*~ (stealth).
   396 | D:1      | 396 ||| Stepping ~*~*~tactically~*~*~ (stealth).
   410 | D:1      | 410 ||| Stepping ~*~*~tactically~*~*~ (stealth).
   443 | D:1      | Slain by a gnoll

Levels and vault maps discovered:
D:1:      co_arrival_random_square_maze, layout_rooms, st_stairs_2

Skill      XL: |  1 |
---------------+----+-----
Axes           | 1 |  1.4
Fighting       | 1 |  1.1
Short Blades   | |  0.8
Dodging        | |  1.7
Stealth        | |  2.1
Spellcasting   | |  2.4
Hexes          | |  2.6

Action                   || total
-------------------------++-------
Melee: Whip              ||    67
       Club              ||     1
Armor: Robe              ||    36
Dodge: Dodged            ||    47

Table legend:
 A = Non-vault XP
 B = Vault XP
 C = Vault XP percentage of total XP
 D = Non-vault monster count
 E = Vault monster count
 F = Vault count percentage of total count
                 A         B        C        D         E       F
            +---------+---------+-------+---------+---------+-------
      Total |      15 |       0 |   0.0 |       9 |       0 |   0.0
            +---------+---------+-------+---------+---------+-------
        D:1 |      15 |       0 |   0.0 |       9 |       0 |   0.0
            +---------+---------+-------+---------+---------+-------
